Map: Stasis LE

Players

Mesrob - Winner!

  • Race: Terran Terran
  • League: Gold
  • Spawn Location: 11:00

Evets

  • Race: Terran Terran
  • League: Gold
  • Spawn Location: 1:00

VOD

Have the link to the VOD?

Description

Time

  • Played on: Jan. 17, 2019, 1:35 p.m.
  • Length: 16:11
Show
View Real Time Build Order
Export as new Build Order

Mesrob Terran - Winner!

Build Orders: Mech 

Get SALT Encoding   

  12  0:01  SCV  
  13  0:13  SCV  
  14  0:18  Supply Depot  
  14  0:25  SCV  
  15  0:40  SCV  
  15  0:42  Barracks  
  16  0:46  Refinery  
  16  0:52  SCV  
  17  1:04  SCV  
  18  1:16  SCV  
  19  1:29  Orbital Command  
  19  1:42  Marine, Command Center  
  20  1:56  Bunker  
  20  2:03  SCV  
  21  2:17  SCV  
  21  2:21  Factory  
  22  2:27  Supply Depot  
  22  2:33  Barracks Tech Lab  
  22  2:36  SCV  
  23  2:40  Refinery  
  23  2:49  Supply Depot, SCV  
  24  2:54  Orbital Command  
  24  3:01  SCV  
  25  3:10  Engineering Bay  
  25  3:13  SCV  
  25  3:14  Supply Depot  
  26  3:21  SCV  
  26  3:25  SCV  
  28  3:28  Siege Tank  
  28  3:33  SCV  
  32  3:35  Marine  
  32  3:37  SCV  
  34  3:45  SCV  
  35  3:49  SCV, Armory  
  36  3:57  SCV  
  36  4:00  Siege Tank  
  40  4:22  Command Center  
  40  4:29  SCV  
  41  4:32  Siege Tank  
  41  4:33  Refinery  
  41  4:36  Refinery, SCV  
  45  4:40  Missile Turret  
  45  4:41  SCV  
  46  4:47  Factory  
  46  4:48  SCV  
  46  4:50  Factory  
  47  5:00  Missile Turret, Terran Vehicle Weapons Level 1  
  47  5:22  Missile Turret, SCV  
  47  5:23  SCV  
  47  5:25  Thor  
  55  5:35  SCV  
  56  5:45  Factory Reactor x2  
  56  5:56  Factory  
  54  6:09  Missile Turret  
  46  6:35  Thor  
  46  6:39  Hellion  
  56  6:40  Hellion x2  
  56  6:41  Hellbat  
  56  6:43  Factory Tech Lab  
  60  6:47  Factory  
  60  6:51  Factory  
  60  7:00  Missile Turret  
  60  7:21  Planetary Fortress  
  60  7:22  Missile Turret  
  60  7:26  Missile Turret  
  60  7:38  SCV  
  60  7:39  SCV  
  60  7:42  Missile Turret  
  62  7:45  Missile Turret  
  62  7:50  Marine, SCV  
  65  7:51  SCV  
  65  7:58  Factory Tech Lab, Factory Reactor  
  65  8:01  Thor  
  65  8:03  SCV  
  72  8:05  Missile Turret  
  72  8:11  Factory  
  72  8:13  Factory  
  72  8:25  Terran Vehicle And Ship Armor Level 1  
  72  8:26  Missile Turret  
  57  8:46  Missile Turret  
  56  9:07  Missile Turret  
  56  9:09  Thor x2  
  62  9:10  Thor  
  62  9:12  SCV  
  75  9:20  SCV  
  75  9:21  SCV  
  77  9:28  Missile Turret  
  77  9:36  Supply Depot  
  77  9:37  Supply Depot  
  77  9:48  Armory  
  77  9:50  Factory Tech Lab  
  77  9:51  Factory Tech Lab  
  77  9:54  Refinery  
  77  9:58  Supply Depot, Thor  
  77  9:59  Supply Depot, SCV x2  
  85  10:17  Refinery  
  85  10:20  SCV x3  
  88  10:22  Supply Depot x2  
  88  10:27  Sensor Tower  
  88  10:32  SCV x3  
  85  10:44  SCV x3  
  85  10:45  Supply Depot  
  85  10:46  Supply Depot  
  85  10:48  Hellion x4  
  82  10:52  Thor x2  
  82  10:53  Thor  
  82  10:56  SCV x3  
  97  11:06  Thor  
  97  11:08  Supply Depot  
  103  11:18  Thor  
  103  11:22  Hellbat x5  
  103  11:24  Hellbat  
  121  11:27  SCV  
  121  11:28  SCV  
  121  11:29  SCV  
  124  11:46  Hellion x4, Command Center  
  124  12:17  Thor x2  
  124  12:21  Thor  
  140  12:25  SCV  
  141  12:42  Supply Depot  
  141  12:45  Terran Vehicle Weapons Level 2  
  141  12:50  Supply Depot  
  141  12:58  SCV x3  
  144  12:59  Planetary Fortress  
  144  13:03  Refinery  
  144  13:06  Supply Depot  
  144  13:10  SCV x3  
  144  13:12  Thor  
  153  13:22  SCV x3  
  150  13:28  Supply Depot  
  150  13:29  Refinery  
  150  13:32  Thor x2  
  162  13:34  SCV  
  163  13:51  SCV  
  163  13:52  Supply Depot  
  163  13:54  Thor x2  
  176  14:03  SCV  
  176  14:09  Thor  
  183  14:11  Hellbat x2  
  183  14:14  Supply Depot  
  183  14:15  SCV  
  183  14:16  SCV  
  189  14:27  SCV  
  189  14:29  Command Center, SCV  
  191  14:37  Supply Depot  
  191  14:39  SCV  
  191  14:45  Thor  
  198  14:48  Barracks  
  195  15:00  Supply Depot  
Show
View Real Time Build Order
Export as new Build Order

Evets Terran 

Build Orders:  

Get SALT Encoding   

  12  0:05  SCV  
  13  0:19  Supply Depot, SCV  
  14  0:29  Refinery  
  14  0:41  SCV  
  15  0:46  Barracks  
  15  0:53  SCV  
  16  1:06  SCV  
  17  1:19  SCV  
  17  1:25  Refinery  
  18  1:51  Marine  
  18  1:52  Factory  
  19  1:56  SCV  
  19  1:58  Supply Depot  
  20  2:08  SCV  
  21  2:22  Barracks Tech Lab  
  21  2:25  Orbital Command  
  21  2:29  Engineering Bay  
  21  2:42  Starport  
  21  2:56  Marine  
  21  2:58  SCV  
  23  3:06  Missile Turret  
  23  3:10  SCV  
  24  3:17  Siege Tank  
  27  3:22  SCV  
  27  3:25  Starport Tech Lab, Fusion Core  
  28  3:34  SCV  
  28  3:40  Missile Turret  
  29  3:46  SCV  
  29  3:48  Supply Depot  
  30  4:04  Supply Depot  
  30  4:07  SCV  
  31  4:15  Battlecruiser  
  37  4:25  Starport  
  37  4:35  Marine  
  38  4:39  Siege Tank  
  41  5:04  Command Center  
  41  5:11  Missile Turret  
  41  5:12  Starport Tech Lab  
  41  5:32  Weapon Refit  
  41  5:36  Supply Depot  
  41  5:39  Supply Depot  
  41  6:20  Battlecruiser  
  47  6:33  SCV  
  48  6:43  SCV  
  48  6:45  SCV  
  50  6:49  Supply Depot  
  50  6:50  Supply Depot  
  50  6:55  SCV  
  50  6:59  Orbital Command  
  51  7:07  SCV  
  52  7:14  Supply Depot  
  52  7:16  Supply Depot  
  52  7:20  SCV  
  53  7:24  Siege Tank  
  56  7:32  SCV  
  57  7:48  Bunker  
  57  7:52  Supply Depot  
  57  7:54  Supply Depot  
  57  7:56  Refinery x2, Siege Tank  
  60  8:42  Battlecruiser x2  
  72  8:49  SCV  
  72  8:55  Missile Turret  
  73  9:02  SCV  
  74  9:14  SCV  
  75  9:19  Armory  
  75  9:23  SCV  
  76  9:26  SCV  
  77  9:32  Command Center  
  77  9:35  SCV  
  77  9:38  SCV  
  79  9:47  SCV  
  79  9:50  SCV  
  81  9:57  Starport  
  81  9:59  Starport, Supply Depot, SCV  
  82  10:01  Supply Depot  
  82  10:02  SCV  
  82  10:06  Armory  
  83  10:11  SCV  
  72  11:12  Starport Tech Lab x2  
  72  11:21  SCV  
  73  11:29  Terran Ship Weapons Level 1, Terran Vehicle And Ship Armor Level 1  
  73  11:33  SCV x2  
  75  11:45  SCV x2  
  77  11:52  Battlecruiser x3  
  95  11:57  SCV x2  
  96  12:09  SCV x2  
  98  12:21  SCV x2  
  100  12:33  Planetary Fortress  
  100  12:51  Supply Depot  
  100  12:52  Supply Depot  
  100  12:57  Battlecruiser  
  106  12:58  Battlecruiser  
  112  13:19  Siege Tank  
  115  13:36  Terran Vehicle And Ship Armor Level 2  
  115  13:44  Command Center  
  115  13:52  SCV  
  116  14:05  SCV  
  116  14:07  Refinery  
  116  14:08  Refinery  
  118  14:17  SCV  
  118  14:27  Battlecruiser x2  
  118  14:29  SCV  
  131  14:41  SCV  
Tags
 
Composition
Mech
League
GoldGold
Matchup
TvT
Race
Terran
Replay Pack
sc2 replays
Spawn Locations
Close Positions
Add a new tag
Caveats
  • Supply blocks, unpowered buildings, or Contaminate may cause inaccurate times.
  • Supply counts are checked every 10 seconds.